AoeStats
← Jan the Hakker

Lombardia

508566310Analyzed
4v4 RM · 9d ago on Sep 23, 2026· 67m 9s· 8 players
Game mode
Random Map
Map size
Large (8 player)
Population
200
Speed
Normal
Resources
Standard
Victory
Conquest
Starting age
Dark Age
Ending age
Imperial Age
RankedLock teamsTeams togetherTeam positionsShared explorationLock speedFull tech treeHidden civsTurbo modeCheats
Victory
Defeat
🇨🇴 Bulgarians · Colombia
1785
+11
🇦🇷 Hindustanis · Argentina
1758
+12
🇨🇴 Vietnamese · Colombia
1738
+12
🇨🇴 Chinese · Colombia
1672
+14
🇦🇷 Poles · Argentina
1698
-14
🇺🇸 Inca · United States
1651
-12
🇺🇸 Celts · United States
1646
-12
🇳🇱 Dravidians · Netherlands
1634
-11
NuMa | Toth
6:11 Loom
9:20 Feudal Age
12:43 Double-Bit Axe
20:41 Castle Age
18:25 Horse Collar
18:36 Gold Mining
22:40 Wheelbarrow
22:43 Bow Saw
23:29 Town Watch
24:07 Hand Cart
24:56 Heavy Plow
27:29 Gold Shaft Mining
33:08 Imperial Age
30:53 Scale Barding Armor
30:59 Forging
31:01 Bloodlines
30:51 Husbandry
31:38 Chain Barding Armor
31:21 Stone Mining
32:33 Iron Casting
32:57 Stirrups
33:39 Scale Mail Armor
33:48 Caravan
34:45 Plate Barding Armor
35:11 Blast Furnace
34:27 Chain Mail Armor
33:40 Elite Konnik
34:45 Conscription
35:15 Crop Rotation
35:20 Stone Shaft Mining
37:15 Plate Mail Armor
37:15 Squires
37:01 Arson
37:33 Gambesons
37:39 Fletching
39:11 Bodkin Arrow
40:52 Bracer
41:20 Ballistics
42:01 Chemistry
42:11 Pikeman
42:33 Capped Ram
42:50 Halberdier
49:25 Siege Ram
53:37 Masonry
61:50 Bagains
63:03 Architecture
62:38 Siege Engineers
62:29 Murder Holes
Negro Raymundo
0:43 Loom
10:48 Feudal Age
15:39 Castle Age
14:23 Stone Mining
14:32 Double-Bit Axe
18:45 Bow Saw
20:31 Fletching
20:56 Horse Collar
22:45 Heavy Plow
22:48 Town Watch
23:32 Padded Archer Armor
25:59 Ballistics
28:02 Wheelbarrow
27:49 Bodkin Arrow
34:48 Imperial Age
33:00 Leather Archer Armor
35:04 Caravan
34:54 Elite Chu Ko Nu
35:55 Conscription
36:59 Chemistry
36:38 Bracer
37:11 Hand Cart
39:33 Fortified Wall
39:19 Murder Holes
40:39 Ring Archer Armor
42:20 Two-Man Saw
53:24 Thumb Ring
56:05 Coinage
57:32 Town Patrol
57:12 Capped Ram
58:37 Siege Ram
59:52 Rocketry
63:13 Scale Mail Armor
64:05 Banking
[CLB]PEGASO
7:17 Loom
12:21 Feudal Age
16:20 Castle Age
15:50 Double-Bit Axe
15:46 Horse Collar
17:51 Bow Saw
18:46 Wheelbarrow
25:58 Hand Cart
27:52 Heavy Plow
27:45 Gold Mining
28:35 Stone Mining
31:54 Imperial Age
30:37 Ballistics
30:07 Town Watch
31:37 Masonry
32:24 Fletching
33:36 Chemistry
32:44 Caravan
32:29 Elite Rattan Archer
33:34 Bodkin Arrow
33:39 Padded Archer Armor
35:16 Bracer
35:31 Leather Archer Armor
35:19 Murder Holes
37:41 Ring Archer Armor
37:38 Paper Money
38:59 Capped Ram
40:53 Guard Tower
43:06 Siege Engineers
48:48 Hoardings
57:30 Thumb Ring
63:34 Scale Mail Armor
66:39 Chain Mail Armor
66:08 Treadmill Crane
Magio | Voy Pocker
9:10 Loom
10:55 Feudal Age
14:55 Castle Age
14:04 Double-Bit Axe
14:00 Horse Collar
17:23 Bow Saw
23:53 Wheelbarrow
23:43 Heavy Plow
23:34 Gold Mining
23:35 Stone Mining
25:03 Gold Shaft Mining
25:41 Hand Cart
26:29 Stone Shaft Mining
30:41 Imperial Age
28:55 Bloodlines
28:45 Husbandry
28:51 Scale Barding Armor
28:57 Forging
30:09 Chain Barding Armor
30:25 Iron Casting
31:43 Iron Casting
31:03 Heavy Camel Rider
32:47 Plate Barding Armor
34:12 Blast Furnace
32:51 Imperial Camel Rider
35:29 Grand Trunk Road
35:49 Conscription
36:32 Caravan
38:35 Light Cavalry
49:23 Hussar
58:26 Siege Elephant
59:28 Conscription
59:27 Scale Mail Armor
60:22 Siege Engineers
Jan the Hakker
6:52 Loom
9:28 Feudal Age
10:07 Double-Bit Axe
10:04 Horse Collar
18:09 Castle Age
17:15 Gold Mining
19:03 Bow Saw
18:54 Heavy Plow
20:41 Wheelbarrow
28:54 Imperial Age
26:36 Town Watch
28:30 Fletching
28:38 Stone Mining
29:20 Bodkin Arrow
31:08 Two-Man Saw
30:14 Town Patrol
30:31 Hand Cart
31:19 Two-Man Saw
31:16 Padded Archer Armor
32:24 Chemistry
32:18 Bracer
33:10 Ballistics
32:57 Thumb Ring
33:32 Husbandry
33:44 Elite Elephant Archer
34:42 Leather Archer Armor
36:20 Medical Corps
38:32 Wootz Steel
38:32 Conscription
38:42 Wootz Steel
38:56 Caravan
39:26 Coinage
43:40 Conscription
43:35 Guilds
45:35 Town Patrol
45:48 Masonry
55:43 Elite Skirmisher
60:46 Ring Archer Armor
64:09 Forging
63:59 Scale Mail Armor
64:03 Squires
63:48 Arson
63:36 Elite Urumi Swordsman
65:34 Iron Casting
65:04 Scale Barding Armor
Xololo
6:33 Loom
9:51 Feudal Age
14:41 Horse Collar
14:48 Double-Bit Axe
17:43 Wheelbarrow
20:53 Castle Age
22:11 Heavy Plow
22:23 Bow Saw
23:51 Town Watch
25:34 Gold Mining
26:54 Pikeman
29:17 Sanctity
29:13 Caravan
34:18 Imperial Age
33:01 Scale Mail Armor
33:08 Squires
35:08 Gold Shaft Mining
34:43 Fletching
34:39 Capped Ram
35:57 Chain Mail Armor
35:56 Forging
36:04 Heavy Scorpion
36:52 Bodkin Arrow
38:23 Chemistry
37:44 Ballistics
38:58 Plate Mail Armor
39:05 Iron Casting
39:24 Conscription
39:03 Halberdier
40:58 Siege Ram
41:48 Siege Engineers
43:53 Blast Furnace
45:09 Coinage
47:10 Banking
48:58 Hoardings
49:22 Bracer
49:26 Guard Tower
49:21 Arrowslits
49:47 Masonry
49:59 Champi Runner
53:02 Padded Archer Armor
56:21 Leather Archer Armor
56:53 Elite Skirmisher
60:27 Fortified Wall
62:36 Ring Archer Armor
64:15 Hand Cart
65:03 Guilds
optimal_brain_damage
6:41 Loom
8:51 Feudal Age
9:28 Double-Bit Axe
9:45 Horse Collar
17:33 Wheelbarrow
16:56 Gold Mining
20:08 Castle Age
20:00 Stone Mining
21:00 Heavy Plow
21:11 Bow Saw
22:01 Gold Shaft Mining
22:01 Stone Shaft Mining
22:13 Hand Cart
22:38 Stone Shaft Mining
26:32 Pikeman
27:12 Scale Mail Armor
27:22 Forging
28:31 Hand Cart
32:52 Imperial Age
30:23 Scale Mail Armor
30:33 Forging
30:33 Stronghold
30:13 Pikeman
32:03 Chain Mail Armor
31:59 Forging
34:09 Iron Casting
34:10 Plate Mail Armor
33:37 Town Watch
34:01 Siege Engineers
33:31 Halberdier
34:17 Scale Barding Armor
34:31 Arson
34:16 Onager
36:24 Blast Furnace
38:19 Conscription
38:10 Furor Celtica
38:35 Furor Celtica
42:10 Ballistics
42:07 Fortified Wall
42:07 Masonry
43:18 Capped Ram
44:10 Siege Ram
45:39 Elite Woad Raider
46:06 Elite Woad Raider
46:52 Elite Woad Raider
47:23 Man-at-Arms
47:48 Gambesons
49:28 Chemistry
48:19 Fletching
49:08 Town Patrol
50:00 Long Swordsman
50:42 Two-Handed Swordsman
51:21 Champion
55:24 Caravan
55:54 Coinage
55:59 Husbandry
47_chu_VOI_con
8:48 Loom
10:37 Feudal Age
16:08 Castle Age
14:09 Double-Bit Axe
16:26 Horse Collar
17:45 Bow Saw
19:48 Heavy Plow
21:38 Wheelbarrow
24:25 Szlachta Privileges
24:39 Husbandry
24:49 Bloodlines
25:32 Scale Barding Armor
25:52 Forging
26:55 Chain Barding Armor
27:03 Hand Cart
27:14 Gold Mining
28:50 Iron Casting
28:16 Town Watch
33:43 Imperial Age
32:56 Town Patrol
33:48 Cavalier
35:30 Blast Furnace
44:27 Light Cavalry
47:32 Winged Hussar
51:30 Conscription
51:36 Lechitic Legacy
53:47 Caravan
59:32 Capped Ram
Connection lost

Rejoining the realm…

Still unreachable

The connection could not be restored.

Session expired

The server has moved on; the page needs a fresh start.